 Dungeon Crawl Stone Soup version 0.29-a0-1052-g6990b1bffc (webtiles) character file.

Game seed: 16814446356583300980

7 ragingrage the Sneak (level 1, 0/19 HPs)
             Began as a Minotaur Delver on Aug 17, 2022.
             Slain by an iguana (7 damage)
             ... on level 6 of the Dungeon.
             The game lasted 00:00:32 (64 turns).

ragingrage the Sneak (Minotaur Delver)                Turns: 64, Time: 00:00:33

Health: 0/19       AC:  3    Str: 16    XL:     1   Next: 83%
Magic:  0/0        EV: 11    Int:  7    God:
Gold:   0          SH:  0    Dex: 11    Spells: 0/0 levels left

rFire   . . .      SeeInvis .   a - +0 hand axe
rCold   . . .      Faith    .   (no shield)
rNeg    . . .      Spirit   .   b - +0 leather armour
rPois   .          Reflect  .   (helmet restricted)
rElec   .          Harm     .   (no cloak)
rCorr   .          Rampage  .   (no gloves)
Will    .....                   (no boots)
Stlth   ++........              (no amulet)
HPRegen 0.06/turn               (no ring)
MPRegen 0.07/turn               (no ring)

@: hasted, very quick
A: horns 2, retaliatory headbutt
a: no special abilities


You were on level 6 of the Dungeon.
You visited 1 branch of the dungeon, and saw 3 of its levels.

Inventory:

Hand Weapons
 a - a +0 hand axe (weapon)
Armour
 b - a +0 leather armour (worn)
Wands
 g - a wand of digging (3)
Scrolls
 c - a scroll of fog
 d - a scroll of magic mapping
 e - a scroll of fear
 h - a scroll of teleportation {unknown}


   Skills:
 - Level 3.6 Fighting
 + Level 3.2 Axes
 - Level 2.1 Dodging
 - Level 4.1 Stealth


You couldn't memorise any spells.
You didn't know any spells.
Your spell library was empty.

Dungeon Overview and Level Annotations

Branches:
Dungeon (7/15)
 Temple: D:4-7

Altars:

Annotations:
D:5 exclusions: lemure and 2 more exclusions
D:7 exclusion: iguana


Innate Abilities, Weirdness & Mutations

You have a pair of horns on your head.
You reflexively headbutt those who attack you in melee.


Message History

The orc shouts!
The orc wizard barely misses you.
The orc wizard attacks as you move away!
The orc wizard hits you with a +0 dagger.
Found a stone staircase leading down.
The orc wizard attacks as you move away!
The orc wizard hits you but does no damage.
A wight comes into view. It is wielding a +0 dire flail.
Found 5 large rocks.
The orc wizard gestures at you while chanting.
The magic dart hits you. 2 wights come into view.
There is a stone staircase leading up here.
You climb upwards.
The white imp shouts!
The iguana hisses angrily.
There is a stone staircase leading down here.
Unknown command.
There are monsters nearby!
Found 5 stones.
You feel yourself speed up.
You barely miss the white imp. The white imp closely misses you.
You barely miss the white imp. Your headbutt misses the white imp.
The white imp barely misses you.
You hit the white imp but do no damage. You hit the white imp.
The white imp is heavily wounded.
The white imp closely misses you. You furiously retaliate!
You headbutt the white imp, but do no damage.
You hit the white imp.
You kill the white imp!
Your Axes skill increases to level 3!
You hit the iguana.
The iguana is lightly wounded.
The iguana bites you!
You slash the iguana! Your headbutt misses the iguana.
The iguana is heavily wounded.
You hit the iguana but do no damage.
The iguana is heavily wounded.
The iguana bites you!
You die...

#.. .....#
#.###.....
#.#......
######.......####
#......#.......(#
#................
#................
#...l>.##........
#......##@......#
######..l.......#
####.......#
##.###### .# .#
.# .#


You could see an iguana.

Vanquished Creatures
  A white imp (D:6)
1 creature vanquished.

Notes
Turn   | Place    | Note
-------+----------+-------------------------------------------
     0 | D:5      | ragingrage the Minotaur Delver began the quest for the Orb.
     0 | D:5      | Reached XP level 1. HP: 19/19 MP: 0/0
     0 | D:5      | Noticed a lemure
    17 | D:5      | Noticed a howler monkey
    25 | D:5      | You fall into a shaft and drop 2 floors!
    33 | D:7      | Noticed an iguana
    40 | D:7      | Noticed a bullfrog
    41 | D:7      | Noticed an orc wizard
    43 | D:7      | Noticed an orc warrior
    46 | D:7      | Noticed a wight
    47 | D:7      | Noticed a wight
    47 | D:7      | Noticed a wight
    49 | D:6      | Noticed an iguana
    64 | D:6      | Slain by an iguana

Illustrated notes

Levels and vault maps discovered:
D:5:      layout_cave_pools, grunt_temple_overflow_open, old_standard_altar,
          minmay_hedge_maze, uniq_sigmund, uniq_pikel
D:6:      layout_loops_cross, uniq_blork_the_orc, uniq_duvessa
D:7:      layout_rooms, mainiacjoe_overflow_cross_hatched, hangedman_ru_absence,
          led_sif_book, gammafunk_ghost_grave, the_hattery

Skill      XL: |  1 |
---------------+----+-----
Axes           | 3 |  3.2
Fighting       | |  3.6
Dodging        | |  2.1
Stealth        | |  4.1

Action                   || total
-------------------------++-------
Melee: Hand axe          ||     9
  Use: Potion            ||     1
Armor: Leather armour    ||     1
Dodge: Dodged            ||     5

Table legend: (Time is in decaauts)
 A = Elapsed time spent in this place.
 B = Non-inter-level travel time spent in this place.
 C = Inter-level travel time spent in this place.
 D = Time resting spent in this place.
 E = Time spent auto-exploring this place.
 F = Levels seen in this place.
 G = Mean time per level.
                   A        B        C        D        E       F      G
               +--------+--------+--------+--------+--------+-----+--------+
         Total |     61 |     61 |      0 |      0 |      4 |   3 |   20.3 |
       Dungeon |     61 |     61 |      0 |      0 |      4 |   3 |   20.3 |
               +--------+--------+--------+--------+--------+-----+--------+

Top non-repeatable levels by time:
     D:5: 25 daAuts
     D:7: 24 daAuts
     D:6: 12 daAuts
